 Dungeon Crawl Stone Soup version 0.29-a0-512-gf59ac788ac (webtiles) character file.

Game seed: 6274865855655195926

85 Spectrina the Slasher (level 4, -6/27 HPs)
             Began as a Deep Elf Monk on May 30, 2022.
             Was a Priest of Wu Jian.
             Mangled by a worm (9 damage)
             ... on level 2 of the Dungeon.
             The game lasted 00:07:30 (784 turns).

Spectrina the Slasher (Deep Elf Monk)                Turns: 784, Time: 00:07:30

Health: -6/27      AC:  4    Str: 14    XL:     4   Next: 25%
Magic:  6/6        EV: 14    Int: 15    God:    Wu Jian [***...]
Gold:   87         SH:  0    Dex: 19    Spells: 3/3 levels left

rFire   . . .      SeeInvis .   a - +0 falchion
rCold   . . .      Faith    .   (no shield)
rNeg    . . .      Spirit   .   b - +1 robe
rPois   .          Reflect  .   (no helmet)
rElec   .          Harm     .   f - +0 cloak
rCorr   .          Rampage  .   (no gloves)
Will    .....                   (no boots)
Stlth   ++........              (no amulet)
HPRegen 0.09/turn               j - ring of flight
MPRegen 0.10/turn               k - +6 ring of strength

@: brilliant, lethally poisoned (-6 -> -7), flying
A: no striking features
a: Renounce Religion, Wall Jump, Serpent's Lash


You were on level 2 of the Dungeon.
You worshipped Wu Jian.
Wu Jian was most pleased with you.
You visited 1 branch of the dungeon, and saw 5 of its levels.

You collected 87 gold pieces.

Inventory:

Hand Weapons
 a - a +0 falchion (weapon)
Missiles
 d - 43 stones (quivered)
 n - 6 poisoned darts
Armour
 b - a +1 robe (worn)
 f - a +0 cloak (worn)
Jewellery
 j - a ring of flight (left hand)
 k - a +6 ring of strength (right hand)
Scrolls
 c - a scroll of blinking {unknown}
 h - 3 scrolls of magic mapping
 i - 2 scrolls of identify {unknown}
 l - a scroll of enchant armour
 m - 2 scrolls of brand weapon {unknown}
Potions
 e - 2 potions of brilliance
 g - 2 potions of haste {unknown}
 o - a potion of lignification {unknown}
 p - a potion of heal wounds {unknown}
 q - a potion of flight {unknown}


   Skills:
 - Level 2.4 Fighting
 + Level 4.7 Long Blades
 - Level 3.6 Dodging
 - Level 2.4 Stealth


You had 3 spell levels left.
You didn't know any spells.
Your spell library was empty.

Dungeon Overview and Level Annotations

Branches:
Dungeon (5/15)
 Temple: D:4-7

Altars:
Wu Jian

Shops:
D:2 *

Annotations:
D:3 Sigmund


Message History

The adder barely misses you.
You hit the adder but do no damage.
The adder is moderately wounded.
The adder misses you.
You miss the adder.
The adder is moderately wounded.
The adder bites you but does no damage. The adder closely misses you.
You closely miss the adder.
The adder is moderately wounded.
The adder misses you.
You slash the adder!
The adder is almost dead.
The adder closely misses you. The adder barely misses you.
You barely miss the adder.
The adder is almost dead.
The adder bites you but does no damage.
You hit the adder but do no damage.
The adder is almost dead.
The adder bites you.
You are poisoned.
The adder poisons you!
You slash the adder!
You kill the adder!
The Council accepts your kill.
You feel sick.
You lunge at the worm.
You slash the worm!
The worm is heavily wounded.
You feel sick. The worm misses you.
You see here an adder corpse.
You completely miss the worm.
The worm is heavily wounded.
You feel sick. The worm bites you.
* * * LOW HITPOINT WARNING * * *
You hit the worm.
The worm is severely wounded.
You feel sick.
You barely miss the worm.
The worm is severely wounded.
You feel sick. The worm bites you!
You die...

#.# *,*,,,,,,,,,,,*,* *,#... #.#
*,*,*********,*,* *,#... #.#
*,*,* *,*,* *,#... #.#
*,*,**####***,*,* *,#.#. #.#
*,*,,,....,,,,,,* *,#... #.#
*,,,,,,..#***,*** *,#.## #.#
*******#.# *,#***#****,#...
#.###########.####.#....,,...####
................@w......,,...,,,,
#.#######......###.#...#**#.#****
........'...†......#**,# #.#
#.#######............#,* #.# ..#
#.......##.#.#,* #.# ###
#.......#*,..*,* #.# ,*
#.......#*,,.#,* #.# ,*
#.......#*,,.#.####.##### ,*
###.#.###*,,..........[..


You could see a worm.

Vanquished Creatures
  A hound (D:3)
  3 adders
  5 endoplasms
  2 giant cockroaches (D:3)
  A hobgoblin (D:2)
  4 ball pythons
  A bat (D:1)
  2 frilled lizards (D:3)
  2 goblins
  5 kobolds
  5 rats
31 creatures vanquished.

Notes
Turn   | Place    | Note
-------+----------+-------------------------------------------
     0 | D:1      | Spectrina the Deep Elf Monk began the quest for the Orb.
     0 | D:1      | Reached XP level 1. HP: 13/13 MP: 3/3
   104 | D:1      | Reached skill level 3 in Long Blades
   173 | D:2      | Reached XP level 2. HP: 18/18 MP: 4/4
   215 | D:2      | Found a faded altar of an unknown god.
   219 | D:2      | Prayed at the altar of an unknown god.
   219 | D:2      | Became a worshipper of the Wu Jian Council
   219 | D:2      | Reached * piety under Wu Jian
   219 | D:2      | Reached ** piety under Wu Jian
   227 | D:2      | Found Mipes's General Store.
   275 | D:3      | Noticed Sigmund
   319 | D:3      | Reached XP level 3. HP: 22/22 MP: 5/5
   405 | D:3      | Reached skill level 4 in Long Blades
   502 | D:5      | Entered Level 5 of the Dungeon
   502 | D:5      | Noticed a wraith
   595 | D:1      | Reached *** piety under Wu Jian
   596 | D:1      | Reached XP level 4. HP: 25/27 MP: 6/6
   784 | D:2      | Mangled by a worm

Illustrated notes

Levels and vault maps discovered:
D:1:      dpeg_arrival_short_road, layout_loops_ring
D:2:      layout_basic, serial_shops, nicolae_square_shop,
          hellmonk_ecumenical_altar_heavens_door
D:3:      layout_basic, st_stairs_11, uniq_ijyb, uniq_grinder, uniq_sigmund
D:4:      layout_basic, elyvilon_altar_4, lightli_temple_of_fire
D:5:      layout_loops_ring, mainiacjoe_overflow_tiny_flanked,
          gammafunk_ghost_necromancy, kennysheep_generic_room_2

Skill      XL: |  1  2  3 |
---------------+----------+-----
Long Blades    | 3 4 |  4.7
Fighting       | |  2.4
Dodging        | |  3.6
Stealth        | |  2.4

Action                   |  1- 3 |  4- 6 || total
-------------------------+-------+-------++-------
Melee: Falchion          |    64 |    38 ||   102
Throw: Stone             |    20 |       ||    20
Invok: Lunge             |     3 |     6 ||     9
       Whirlwind         |     4 |       ||     4
  Use: Scroll            |     2 |       ||     2
       Potion            |     1 |     1 ||     2
 Stab: Sleeping          |     5 |     2 ||     7
Armor: Robe              |     9 |     6 ||    15
Dodge: Dodged            |    50 |    31 ||    81

Table legend: (Time is in decaauts)
 A = Elapsed time spent in this place.
 B = Non-inter-level travel time spent in this place.
 C = Inter-level travel time spent in this place.
 D = Time resting spent in this place.
 E = Time spent auto-exploring this place.
 F = Levels seen in this place.
 G = Mean time per level.
                   A        B        C        D        E       F      G
               +--------+--------+--------+--------+--------+-----+--------+
         Total |    792 |    750 |     42 |      0 |      0 |   5 |  158.4 |
       Dungeon |    792 |    750 |     42 |      0 |      0 |   5 |  158.4 |
               +--------+--------+--------+--------+--------+-----+--------+

Top non-repeatable levels by time:
     D:1: 280 daAuts
     D:3: 239 daAuts
     D:2: 210 daAuts
     D:4: 61 daAuts
     D:5: 1 daAuts
